 Dungeon Crawl Stone Soup version 0.24.1-8-ga250c9d538 (webtiles) character file.

Game seed: 1324761959418806961, levelgen mode: deterministic

585 Peloso the Slasher (level 7, 0/55 HPs)
             Began as a Demonspawn Fighter on Apr 30, 2020.
             Succumbed to a worker ant's poison
             ... on level 4 of the Dungeon.
             The game lasted 00:09:12 (3505 turns).

Peloso the Slasher (Demonspawn Fighter)             Turns: 3505, Time: 00:09:13

Health: 0/55       AC:  9    Str: 19    XL:     7   Next: 14%
Magic:  7/7        EV:  8    Int:  9    God:
Gold:   245        SH:  9    Dex: 12    Spells: 6/6 levels left

rFire    . . .     SeeInvis .   a - +1 long sword
rCold    . . .     Gourm    .   c - +0 shield
rNeg     . . .     Faith    .   b - +0 scale mail
rPois    .         Spirit   .   (helmet restricted)
rElec    .         Reflect  .   (no cloak)
rCorr    .         Harm     .   p - +0 pair of gloves
MR       .....     Rnd*Tele +   (no boots)
Stlth    ..........             (no amulet)
HPRegen  0.18/turn              r - ring of teleportation (curse)
MPRegen  0.10/turn              (no ring)

@: lethally poisoned (0 -> -12)
A: horns 1, rugged brown scales 1, powered by death 2
a: no special abilities


You were on level 4 of the Dungeon.
You were very hungry.

You visited 1 branch of the dungeon, and saw 4 of its levels.
You also visited: Sewer.

You collected 245 gold pieces.

Inventory:

Hand Weapons
 a - a +1 long sword (weapon)
Armour
 b - a +0 scale mail (worn)
 c - a +0 shield (worn)
 p - a +0 pair of gloves (worn)
Jewellery
 r - a cursed ring of teleportation (left hand)
 t - an uncursed ring of protection from fire {unknown}
Scrolls
 e - 2 scrolls of blinking {unknown}
 i - 3 scrolls of teleportation
 u - a scroll of remove curse
Potions
 d - 3 potions of might
 g - 3 potions of heal wounds
 h - a potion of experience
 k - a potion of curing
 m - a potion of magic
 o - a potion of berserk rage
 s - 2 potions of flight
Comestibles
 f - 8 rations


   Skills:
 + Level 4.2 Fighting
 + Level 4.5 Long Blades
 + Level 3.8 Armour
 + Level 1.4 Dodging
 + Level 0.7 Stealth
 + Level 4.2 Shields


You had 6 spell levels left.
You didn't know any spells.
Your spell library was empty.

Dungeon Overview and Level Annotations

Branches:
Dungeon (4/15)              Sewer (visited)
 Temple: D:4-7

Altars:

Annotations:
D:4 Duvessa, Natasha


Innate Abilities, Weirdness & Mutations

You have a pair of small horns on your head.
You are partially covered in rugged brown scales. (AC +1, +3% HP)
You regenerate health from kills.


Message History

* * * LOW HITPOINT WARNING * * *
Natasha casts a spell.
You closely miss the worker ant. Your headbutt misses the worker ant.
The worker ant is almost dead.
* * * LOW HITPOINT WARNING * * *
You feel sick. The hound barely misses you. The worker ant closely misses you.
You slash the worker ant! You headbutt the worker ant.
The worker ant is heavily wounded.
* * * LOW HITPOINT WARNING * * *
You feel sick. You block the hound's attack. The worker ant barely misses you.
The worker ant bites you but does no damage. x2
The hound closely misses you.
The worker ant bites you but does no damage.
The worker ant barely misses you.
The worker ant bites you but does no damage.
Unknown command.
You hit the worker ant.
You headbutt the worker ant, but do no damage.
The worker ant is almost dead.
You die...

.......
#.#...#.....##
.......#
#.##.##.....#
#.....###.##.########
.....##...#.#
#.#.##...#.##
.#.##.<.........#
..5......?.####.#
#?..##a...# .#
#.e.ha@a..# ..
.....5##h....# ###...
#...### #.. #.....
%.. ...#### .# ##.#
.# .#


You could see Duvessa, a hound, 3 worker ants, an iron imp, Natasha and a
crimson imp.

Vanquished Creatures
  4 big kobolds (Sewer)
  A hound (D:4)
  Jessica (D:3)
  A worker ant (D:4)
  10 adders
  4 river rats (Sewer)
  2 oozes
  3 worms
  3 dart slugs
  6 leopard geckos
  4 ball pythons (Sewer)
  4 bats
  5 giant cockroaches (D:3)
  5 hobgoblins
  5 jackals
  12 kobolds
  2 quokkas
  3 frilled lizards (D:2)
  7 goblins
  9 rats
91 creatures vanquished.

Vanquished Creatures (others)
  A goblin (D:1)
1 creature vanquished.

Grand Total: 92 creatures vanquished

Notes
Turn   | Place    | Note
-------+----------+-------------------------------------------
     0 | D:1      | Peloso the Demonspawn Fighter began the quest for the Orb.
     0 | D:1      | Reached XP level 1. HP: 18/18 MP: 1/1
    55 | D:1      | Gained mutation: You regenerate a little health from kills.
                  | [demonic ancestry]
    55 | D:1      | Reached XP level 2. HP: 6/24 MP: 2/2
  1045 | D:2      | Gained mutation: You are partially covered in rugged brown
                  | scales. (AC +1, +3% HP) [demonic ancestry]
  1045 | D:2      | Reached XP level 3. HP: 24/29 MP: 3/3
  1539 | D:3      | Reached XP level 4. HP: 36/36 MP: 4/4
  1701 | D:3      | Found a glowing drain.
  1754 | Sewer    | Entered a sewer
  1877 | Sewer    | Noticed a big kobold
  1898 | Sewer    | Killed a big kobold
  1898 | Sewer    | Gained mutation: You regenerate health from kills. [demonic
                  | ancestry]
  1898 | Sewer    | Reached XP level 5. HP: 34/43 MP: 5/5
  2275 | Sewer    | Reached skill level 1 in Dodging
  2315 | Sewer    | Reached XP level 6. HP: 36/49 MP: 6/6
  3016 | D:3      | Noticed Jessica
  3354 | D:3      | Killed Jessica
  3354 | D:3      | Gained mutation: You have a pair of small horns on your
                  | head. [demonic ancestry]
  3354 | D:3      | Reached XP level 7. HP: 45/55 MP: 7/7
  3486 | D:4      | Noticed Natasha
  3501 | D:4      | Noticed Duvessa
  3504 | D:4      | HP: 1/55 [poisoned by a worker ant]
  3505 | D:4      | Succumbed to a worker ant's poison

Levels and vault maps discovered:
D:1:      minmay_arrival_split_and_join, layout_basic
D:2:      layout_rooms
D:3:      layout_loops_ring, portal_sewer_entry_f, uniq_jessica
D:4:      layout_loops_cross, minmay_close_crescents, uniq_robin, uniq_duvessa,
          uniq_eustachio, uniq_natasha

Skill      XL: |  1  2  3  4  5  6 |
---------------+-------------------+-----
Shields        | 3 4 |  4.2
Long Blades    | 2 3 4 |  4.5
Armour         | 3 |  3.8
Fighting       | 4 |  4.2
Dodging        | 1 |  1.4
Stealth        | |  0.7

Action                   |  1- 3 |  4- 6 |  7- 9 || total
-------------------------+-------+-------+-------++-------
Melee: Long sword        |   153 |   221 |    26 ||   400
       Headbutt          |       |       |     6 ||     6
  Use: Scroll            |       |     9 |       ||     9
       Potion            |       |     2 |     7 ||     9
  Eat: Chunk             |     2 |     3 |       ||     5
       Ration            |       |     1 |       ||     1
Armor: Scale mail        |    93 |    87 |    10 ||   190
Dodge: Dodged            |    49 |    74 |    17 ||   140
Block: Shield            |    89 |   117 |    13 ||   219
       Rpst.: Long sword |    12 |    24 |     3 ||    39
